 Seeded DCSS version 0.30-a0-748-ge6a52f7cba (webtiles) character file.

Game seed: 5430720872467839093 (custom seed)

248 purpskrrrp the Grasshopper (level 5, 0/48 HPs)
             Began as a Troll Warper on Feb 8, 2023.
             Slain by a gnoll
             ... wielding a +0 club
              (4 damage)
             ... on level 3 of the Dungeon.
             The game lasted 00:04:50 (1570 turns).

purpskrrrp the Grasshopper (Troll Warper)           Turns: 1570, Time: 00:04:50

Health: 0/48       AC:  7    Str: 25    XL:     5   Next: 86%
Magic:  5/5        EV:  8    Int: 11    God:
Gold:   2220       SH:  8    Dex:  9    Spells: 4/6 levels left

rFire   . . .      SeeInvis .      - Unarmed
rCold   . . .      Faith    .    d - +2 kite shield {AC+3}
rNeg    . . .      Spirit   .    a - +0 robe
rPois   +          Reflect  .    (helmet restricted)
rElec   .          Harm     .    (no cloak)
rCorr   .          Rampage  .    (gloves unavailable)
Will    .....                    (boots unavailable)
Stlth   +                        (no amulet)
HPRegen 1.08/turn                l - +6 ring of strength
MPRegen 0.09/turn                (no ring)

@: no status effects
A: large, unfitting armour, claws 3, regeneration 1, shaggy fur 1, tough skin 1,
talons 1, poison resistance
a: no special abilities


You were on level 3 of the Dungeon.
You visited 1 branch of the dungeon, and saw 3 of its levels.

You collected 2220 gold pieces.

Inventory:

Hand Weapons
 r - the +9 staff of Wucad Mu {*channel}
   (You acquired it on level 2 of the Dungeon)

   *Channel:  It occasionally powers its wielder's spells, but with a chance of
   causing confusion or draining the wielder's intelligence.
   It becomes more likely to activate and less likely to backfire with increased
   Evocations skill.
Missiles
 c - 5 boomerangs of dispersal
Armour
 a - a +0 robe (worn)
 d - a +2 kite shield of protection (worn)
Jewellery
 l - a +6 ring of strength (left claw)
 q - a ring of protection from cold
Wands
 t - a wand of mindburst (13)
Scrolls
 b - a scroll of blinking
 e - a scroll of torment {unknown}
 f - 3 scrolls of amnesia {unknown}
 g - a scroll of identify {unknown}
 j - a scroll of noise {unknown}
 k - a scroll of teleportation {unknown}
 m - a scroll of brand weapon {unknown}
 n - a scroll of enchant armour {unknown}
 o - a scroll of fog {unknown}
 p - a scroll of immolation {unknown}
Potions
 h - a potion of attraction {unknown}
 i - a potion of curing
 s - a potion of ambrosia {unknown}
 u - a potion of lignification {unknown}
 v - a potion of berserk rage {unknown}


   Skills:
 - Level 1.5 Fighting
 - Level 0.8 Throwing
 - Level 1.9 Dodging
 - Level 2.0 Unarmed Combat
 - Level 1.2 Spellcasting
 + Level 5.0 Translocations


You had 4 spell levels left.
You knew the following spells:

 Your Spells              Type           Power      Damage    Failure   Level
a - Blink                 Tloc           22%        N/A       16%         2

Your spell library contained the following spells:

 Spells                   Type           Power      Damage    Failure   Level
 Lesser Beckoning         Tloc           22%        N/A       16%         2
 Teleport Other           Tloc           11%        N/A       32%         3
 Vhi's Electric Charge    Tloc/Air       12%        N/A       65%         3
 Manifold Assault         Tloc           11%        N/A       71%         4


Dungeon Overview and Level Annotations

Branches:
Dungeon (3/15)

Altars:

Shops:
D:2 ?


Innate Abilities, Weirdness & Mutations

You are too large for most types of armour.
You have claws for hands.
Your natural rate of healing is unusually fast.
You are covered in fur. (AC +1)
You have tough skin. (AC +1)
You have sharp toenails.
Your system is resistant to poisons. (rPois)


Message History

The adder is lightly wounded.
The gnoll hits you from afar with a +0 spear.
* * * LOW HITPOINT WARNING * * *
You block the gnoll's attack. The adder bites you but does no damage.
The gnoll barely misses you. x2
You claw the adder! Your kick misses the adder.
The adder is almost dead.
The adder closely misses you. The gnoll closely misses you.
You block the gnoll's attack. You block the adder's attack.
You claw the adder!
You kill the adder!
The gnoll hits you from afar with a +0 spear.
* * * LOW HITPOINT WARNING * * *
The gnoll hits you but does no damage.
Your Translocations skill increases to level 5!
The gnoll barely misses you. x2
Things that are here:
a +0 flail; a +0 spear; a giant cockroach corpse You scratch the gnoll.
The gnoll is moderately wounded.
The gnoll hits you with a +0 spear.
* * * LOW HITPOINT WARNING * * *
The gnoll hits you with a +0 spear!
* * * LOW HITPOINT WARNING * * *
You closely miss the gnoll.
The gnoll is moderately wounded.
The gnoll completely misses you. The gnoll hits you but does no damage.
You closely miss the gnoll. Your kick misses the gnoll.
The gnoll is moderately wounded.
The gnoll hits you with a +0 spear.
* * * LOW HITPOINT WARNING * * *
The gnoll hits you with a +0 spear.
* * * LOW HITPOINT WARNING * * *
You claw the gnoll!
You kill the gnoll!
The gnoll barely misses you.
You scratch the gnoll.
The gnoll is heavily wounded.
The gnoll hits you with a +0 club.
You die...

#.## ..# .(.
#..###.......
#.......#..#
#..####...
#..####.###
#.........#
#...##..#..#
#..####)#
....# #@#
#..####
#gg....# ....
#.......# ##.
......... ..
.........
..........
##........
#........


You could see 2 gnolls.

Vanquished Creatures
  A necrophage (D:2)
  An orc priest (D:3)
  An orc wizard (D:2)
  7 gnolls
  2 adders
  3 orcs
  3 bats
  6 endoplasms
  A giant cockroach (D:3)
  4 goblins
  4 hobgoblins
  4 jackals (D:1)
  5 kobolds
  2 quokkas (D:1)
  3 ball pythons
  2 frilled lizards
  A rat (D:1)
50 creatures vanquished.

Notes
Turn   | Place    | Note
-------+----------+-------------------------------------------
     0 | D:1      | purpskrrrp the Troll Warper began the quest for the Orb.
     0 | D:1      | Reached XP level 1. HP: 19/19 MP: 1/1
   121 | D:1      | Reached XP level 2. HP: 24/27 MP: 2/2
   519 | D:1      | Reached skill level 3 in Translocations
   749 | D:1      | Gained mutation: Your system is resistant to poisons.
                  | (rPois) [potion of mutation]
   749 | D:1      | Gained mutation: You have sharp toenails. [potion of
                  | mutation]
   888 | D:2      | Reached XP level 3. HP: 31/33 MP: 3/3
   943 | D:2      | Reached XP level 4. HP: 41/41 MP: 4/4
  1111 | D:2      | Noticed a necrophage
  1119 | D:2      | Killed a necrophage
  1120 | D:2      | Reached skill level 4 in Translocations
  1229 | D:2      | Found Doddoiw's Magic Scroll Shoppe.
  1353 | D:2      | Identified 4 scrolls of acquirement
  1353 | D:2      | Acquired the +9 staff of Wucad Mu {*channel}
  1353 | D:2      | Found the +9 staff of Wucad Mu {*channel}
  1358 | D:2      | Learned a level 2 spell: Blink
  1358 | D:2      | Acquired 1107 gold pieces
  1360 | D:2      | Acquired 1039 gold pieces
  1362 | D:2      | Acquired a +2 kite shield of protection
  1417 | D:3      | Reached XP level 5. HP: 32/48 MP: 5/5
  1464 | D:3      | Identified the +3 short sword of the Manifold Quests
                  | {flame, rElec Int+5}
  1565 | D:3      | Reached skill level 5 in Translocations
  1568 | D:3      | HP: 1/48 [gnoll/+0 spear (4)]
  1570 | D:3      | Slain by a gnoll

Illustrated notes

Levels and vault maps discovered:
D:1:      dpeg_arrival_boxes_within_box, layout_basic
D:2:      layout_loops_ring, serial_shops, shop, nicolae_kite_square_tiling_tiny
D:3:      layout_rooms, okawaru_metal_pillars_3, ebering_ecumenical_altar_rust

Skill      XL: |  1  2  3  4  5 |
---------------+----------------+-----
Translocations | 3 4 5 |  5.0
Fighting       | |  1.5
Throwing       | |  0.8
Dodging        | |  1.9
Unarmed Combat | |  2.0
Spellcasting   | |  1.2

Action                     |  1- 3 |  4- 6 || total
---------------------------+-------+-------++-------
  Melee: Unarmed           |    57 |    70 ||   127
         Kick              |     3 |    12 ||    15
  Throw: Boomerang         |     2 |       ||     2
    Use: Potion            |     1 |     1 ||     2
         Scroll            |       |     4 ||     4
   Stab: Sleeping          |     1 |       ||     1
 Armour: Robe              |    18 |    40 ||    58
  Dodge: Dodged            |    28 |    39 ||    67
  Block: Kite shield       |       |    39 ||    39

Table legend: (Time is in decaauts)
 A = Elapsed time spent in this place.
 B = Non-inter-level travel time spent in this place.
 C = Inter-level travel time spent in this place.
 D = Time resting spent in this place.
 E = Time spent auto-exploring this place.
 F = Levels seen in this place.
 G = Mean time per level.
                   A        B        C        D        E       F      G
               +--------+--------+--------+--------+--------+-----+--------+
         Total |   1573 |   1466 |    107 |      0 |   1163 |   3 |  524.3 |
       Dungeon |   1573 |   1466 |    107 |      0 |   1163 |   3 |  524.3 |
               +--------+--------+--------+--------+--------+-----+--------+

Top non-repeatable levels by time:
     D:1: 819 daAuts
     D:2: 613 daAuts
     D:3: 141 daAuts
